AoeStats
← ME_DEPRIME_JUGAR_CON_USTEDES

Fortress

507964199Analyzed
4v4 RM · 11d ago on Sep 20, 2026· 39m 1s· 8 players
Game mode
Random Map
Map size
Huge
Population
200
Speed
Normal
Resources
Standard
Victory
Conquest
Starting age
Dark Age
Ending age
Imperial Age
RankedLock teamsTeams togetherTeam positionsShared explorationLock speedFull tech treeHidden civsTurbo modeCheats
Victory
Defeat
🇮🇳 Spanish · India
1531
+15
🇮🇹 Saracens · Italy
1526
+16
🇺🇸 Britons · United States
1526
+16
🇫🇷 Celts · France
1498
+17
1572
-18
🇻🇳 Italians · Vietnam
1569
-19
🇷🇺 Khmer · Russia
1465
-14
🇫🇷 Ethiopians · France
1459
-13
CloudNood
7:40 Feudal Age
11:38 Castle Age
9:33 Double-Bit Axe
10:09 Horse Collar
12:45 Bow Saw
14:25 Wheelbarrow
14:38 Loom
17:49 Gold Mining
23:50 Imperial Age
22:29 Gold Shaft Mining
24:45 Hand Cart
24:13 Pikeman
25:57 Ballistics
25:24 Heavy Scorpion
26:26 Conscription
26:17 Furor Celtica
27:55 Forging
29:02 Town Watch
28:46 Halberdier
28:50 Capped Ram
30:05 Fortified Wall
30:16 Scale Mail Armor
30:52 Iron Casting
29:49 Siege Ram
31:45 Chemistry
32:35 Chain Mail Armor
32:56 Iron Casting
34:12 Siege Engineers
35:24 Plate Mail Armor
36:43 Coinage
36:13 Caravan
39:35 Banking
FlyingSaucer_
8:23 Feudal Age
9:20 Double-Bit Axe
11:56 Castle Age
9:50 Horse Collar
12:50 Bow Saw
12:52 Heavy Plow
14:37 Wheelbarrow
20:00 Loom
20:02 Town Watch
20:09 Fletching
20:34 Gold Mining
23:26 Imperial Age
20:54 Fletching
22:02 Gold Shaft Mining
21:31 Bodkin Arrow
21:59 Padded Archer Armor
23:00 Ballistics
22:55 Loom
24:34 Conscription
24:26 Bracer
25:55 Chemistry
25:16 Masonry
26:09 Chemistry
26:19 Elite Longbowman
28:02 Yeomen
28:48 Leather Archer Armor
27:57 Pikeman
29:02 Siege Engineers
29:40 Halberdier
31:10 Guilds
31:33 Architecture
31:51 Warwolf
32:40 Caravan
33:11 Coinage
33:00 Town Patrol
35:04 Forging
34:55 Scale Mail Armor
34:40 Elite Skirmisher
35:27 Scale Barding Armor
36:24 Ring Archer Armor
36:46 Iron Casting
37:28 Architecture
36:39 Treadmill Crane
36:54 Murder Holes
39:10 Sappers
40:16 Hoardings
Nogard
6:29 Feudal Age
8:35 Double-Bit Axe
12:09 Castle Age
9:53 Horse Collar
10:51 Gold Mining
15:59 Bow Saw
17:42 Loom
18:37 Wheelbarrow
19:47 Heavy Plow
20:17 Hand Cart
22:54 Gold Shaft Mining
22:13 Stone Mining
25:15 Imperial Age
23:39 Scale Barding Armor
23:45 Forging
25:28 Chain Barding Armor
26:09 Iron Casting
25:57 Bloodlines
25:47 Husbandry
27:06 Masonry
28:19 Conscription
27:58 Elite Mameluke
29:14 Hoardings
30:24 Blast Furnace
30:00 Plate Barding Armor
29:19 Treadmill Crane
29:59 Ballistics
30:40 Chemistry
31:03 Two-Man Saw
35:18 Fletching
35:28 Scale Mail Armor
35:30 Padded Archer Armor
35:42 Bimaristan
35:52 Counterweights
37:13 Siege Engineers
37:04 Murder Holes
38:11 Bodkin Arrow
38:32 Leather Archer Armor
39:26 Caravan
NotATeamPlayer
7:53 Feudal Age
11:24 Castle Age
9:55 Double-Bit Axe
10:26 Horse Collar
12:25 Bow Saw
20:13 Wheelbarrow
19:29 Town Watch
19:34 Loom
21:09 Padded Archer Armor
23:50 Bloodlines
23:44 Husbandry
26:06 Leather Archer Armor
30:13 Imperial Age
27:44 Gold Mining
30:16 Elite Conquistador
31:17 Conscription
34:16 Ring Archer Armor
35:10 Two-Man Saw
35:40 Chemistry
35:00 Ballistics
34:59 Hand Cart
38:29 Caravan
Florianitard
0:46 Loom
7:31 Feudal Age
11:16 Castle Age
9:32 Double-Bit Axe
11:34 Fletching
12:29 Bodkin Arrow
14:19 Town Watch
21:06 Wheelbarrow
21:40 Crossbowman
23:43 Padded Archer Armor
24:17 Horse Collar
25:01 Heavy Plow
26:12 Ballistics
29:25 Imperial Age
27:39 Thumb Ring
29:29 Onager
30:25 Bracer
31:26 Gold Mining
31:38 Arbalester
32:38 Arbalester
34:48 Torsion Engines
Welldone
7:12 Feudal Age
10:34 Castle Age
8:33 Horse Collar
8:58 Double-Bit Axe
11:33 Heavy Plow
14:49 Wheelbarrow
17:30 Hand Cart
19:44 Loom
20:16 Bow Saw
19:59 Gold Mining
21:15 Gold Shaft Mining
25:04 Imperial Age
23:24 Scale Barding Armor
23:23 Padded Archer Armor
23:14 Fletching
24:56 Bodkin Arrow
25:49 Stone Mining
26:30 Leather Archer Armor
26:33 Husbandry
26:53 Bloodlines
29:08 Double Crossbow
30:28 Bracer
30:53 Ballistics
31:25 Conscription
33:54 Hoardings
33:11 Light Cavalry
34:05 Hussar
35:07 Scale Barding Armor
35:13 Forging
35:38 Ring Archer Armor
36:19 Chain Barding Armor
37:52 Iron Casting
This is Kawaii
7:05 Feudal Age
8:01 Double-Bit Axe
10:40 Castle Age
8:35 Horse Collar
11:47 Bow Saw
15:50 Wheelbarrow
15:52 Heavy Plow
18:04 Loom
20:26 Town Watch
23:18 Imperial Age
20:45 Gold Mining
21:02 Stone Mining
23:39 Fletching
25:20 Chemistry
25:49 Masonry
27:22 Ballistics
31:27 Crop Rotation
30:28 Elite Genoese Crossbowman
31:28 Conscription
33:58 Bodkin Arrow
ME_DEPRIME_JUGAR_CON_USTEDES
8:41 Feudal Age
12:32 Castle Age
10:41 Double-Bit Axe
12:13 Horse Collar
12:28 Stone Mining
18:20 Padded Archer Armor
21:52 Town Watch
22:43 Wheelbarrow
29:02 Imperial Age
27:05 Bow Saw
28:04 Leather Archer Armor
27:56 Husbandry
29:12 Bloodlines
29:49 Hand Cart
29:38 Elite Conquistador
31:04 Ring Archer Armor
33:19 Heavy Plow
36:27 Conscription
Connection lost

Rejoining the realm…

Still unreachable

The connection could not be restored.

Session expired

The server has moved on; the page needs a fresh start.